 Dungeon Crawl Stone Soup version 0.31-a0-675-g238779eb0a (webtiles) character file.

Game seed: 18027998734073215582

11204 javelincjr the Fighter (level 11, -20/89 HPs)
             Began as a Demonspawn Fighter on Sept 5, 2023.
             Was an Elder of Makhleb.
             Demolished by a wolf spider simulacrum (23 damage)
             ... on level 9 of the Dungeon.
             The game lasted 00:31:40 (8426 turns).

javelincjr the Fighter (Demonspawn Fighter)         Turns: 8426, Time: 00:31:41

Health: -20/89     AC: 17    Str: 32    XL:     11   Next: 46%
Magic:  26/26      EV: 15    Int:  9    God:    Makhleb [****..]
Gold:   655        SH:  6    Dex: 14    Spells: 10/10 levels left

rFire   . . .        a - +5 broad axe (spect)
rCold   . . .        c - +0 buckler
rNeg    . . .        w - +4 scale mail
rPois   .            N - +1 hat
rElec   .            A - +1 cloak {Will+}
rCorr   .            (no gloves)
SInv    .            y - +0 pair of boots
Will    +....        r
                       - Hermit's Pendant {Faith Invo=14 Evo=0 MP+5} Stlth
                     M - +6 ring of strength
HPRegen 0.34/turn    J - +6 ring of strength
MPRegen 0.20/turn

%: faith
@: mighty
A: repulsion field 2, foul stench 1, powered by pain 2, weakness stinger 2
a: Renounce Religion, Minor Destruction, Lesser Servant of Makhleb, Major
Destruction


You were on level 9 of the Dungeon.
You worshipped Makhleb.
Makhleb was greatly pleased with you.
You visited 1 branch of the dungeon, and saw 9 of its levels.
You also visited: Ossuary and Bailey.

You collected 700 gold pieces.
You spent 45 gold pieces at shops.

Inventory:

Hand Weapons
 a - a +5 spectral broad axe (weapon)
 b - a +2 sling of draining
 u - a +0 war axe
 Q - a +1 sling of flaming
 S - a +3 antimagic executioner's axe
Missiles
 j - 10 poisoned darts (quivered)
 n - 3 datura-tipped darts
 z - 15 boomerangs
 P - 6 darts of dispersal
Armour
 c - a +0 buckler (worn)
 w - a +4 scale mail (worn)
 y - a +0 pair of boots (worn)
 A - a +1 cloak of willpower (worn)
 N - a +1 hat (worn)
 R - a +0 helmet
Jewellery
 f - a +4 ring of protection
 i - an amulet of magic regeneration
 q - a ring of positive energy
 r - the Hermit's Pendant (around neck) {Faith Invo=14 Evo=0 MP+5}
   (You found it on level 2 of the Dungeon)

   [amulet of faith]

   Invo=14: It sets your Invocations skill to 14.
   Evo=0: It sets your Evocations skill to 0.
   Faith:     It allows you to gain divine favour quickly.
   MP+5:      It affects your magic capacity (+5).
 I - a ring of protection from fire
 J - a +6 ring of strength (right hand)
 L - a ring of positive energy
 M - a +6 ring of strength (left hand)
Wands
 x - a wand of flame (27)
 C - a wand of paralysis (19)
 O - a wand of iceblast (9)
Scrolls
 m - 4 scrolls of immolation
 p - 2 scrolls of butterflies
 s - 4 scrolls of revelation
 t - 2 scrolls of vulnerability
 B - a scroll of brand weapon
 E - 2 scrolls of noise
 F - 4 scrolls of teleportation
 G - a scroll of torment
 K - a scroll of poison {unknown}
Potions
 d - a potion of might
 e - a potion of cancellation {unknown}
 g - 2 potions of haste
 h - a potion of resistance {unknown}
 k - 2 potions of heal wounds
 l - 2 potions of magic {unknown}
 o - 5 potions of curing
 v - a potion of ambrosia {unknown}
 D - 2 potions of lignification {unknown}
 H - a potion of berserk rage {unknown}
 U - a potion of brilliance {unknown}


   Skills:
 + Level 9.3 Fighting
 + Level 8.2 Axes
 + Level 8.5 Armour
 + Level 3.6 Dodging
 + Level 8.4 Shields
 + Level 5.2(14.0) Invocations


You had 10 spell levels left.
You didn't know any spells.
Your spell library contained the following spells:

 Spells                   Type           Power      Damage    Failure   Level
 Magic Dart               Conj           0%         1d3       63%         1
 Slow                     Hex            0%         N/A       63%         1
 Call Imp                 Summ           0%         N/A       77%         2
 Momentum Strike          Conj/Tloc      0%         3d8       77%         2
 Confusing Touch          Hex            0%         N/A       94%         3
 Gell's Gravitas          Tloc           0%         N/A       94%         3
 Inner Flame              Hex/Fire       0%         N/A       94%         3
 Mephitic Cloud           Conj/Pois/Air  0%         N/A       94%         3
 Teleport Other           Tloc           0%         N/A       94%         3
 Vampiric Draining        Necr           0%         2d6       94%         3
 Cause Fear               Hex            0%         N/A       100%        4
 Alistair's Intoxication  Tmut/Pois      0%         N/A       100%        5
 Arcjolt                  Conj/Air       0%         1d10      100%        5
 Fireball                 Conj/Fire      0%         3d3       100%        5
 Yara's Violent Unravell  Hex/Tmut       0%         3d3       100%        5
 Dispersal                Tloc           0%         N/A       100%        6
 Enfeeble                 Hex            0%         N/A       100%        7
 Malign Gateway           Summ/Tloc      0%         N/A       100%        7
 Summon Horrible Things   Summ           0%         N/A       100%        8
 Dragon's Call            Summ           0%         N/A       100%        9


Dungeon Overview and Level Annotations

Branches:
Dungeon (9/15)             Temple (0/1) D:6         Ossuary (visited)
 Bailey (visited)
   Lair: D:8-11         Orc: D:9-12

Altars:
Makhleb
Nemelex Xobeh
Uskayaw
Yredelemnul

Shops:
D:4 =   D:8 !

Annotations:
D:9 garrulousMonolith's ghost, novice OpSh


Innate Abilities, Weirdness & Mutations

You are surrounded by a moderate repulsion field. (EV +3)
You may rarely emit foul miasma when damaged in melee.
You sometimes gain power by taking damage.
You have a tail ending in a sharp stinger.


Message History

The wolf spider simulacrum is almost destroyed.
Your +5 spectral broad axe hits the wolf spider simulacrum!
The wolf spider simulacrum vaporises!
Makhleb accepts your kill.
You feel better.
Your +5 spectral broad axe hits the spectral wolf spider but does no damage.
The spectral wolf spider barely misses your +5 spectral broad axe.
The spectral wolf spider closely misses your +5 spectral broad axe.
Your ufetubus closely misses garrulousMonolith's ghost. x2
The spectral wolf spider misses your +5 spectral broad axe. x2
Your ynoxinul gestures.
GarrulousMonolith's ghost misses your ynoxinul.
You hit the wolf spider simulacrum.
The wolf spider simulacrum is lightly damaged.
Your +5 spectral broad axe hits the wolf spider simulacrum!
Your +5 spectral broad axe hits the spectral wolf spider.
Your ufetubus hits garrulousMonolith's ghost. x2
The spectral wolf spider hits your +5 spectral broad axe!
Your spectral weapon shares its damage with you!
The spectral wolf spider bites your +5 spectral broad axe but does no damage.
The wolf spider simulacrum hits you.
The wolf spider simulacrum freezes you!!
You focus on the pain.
You feel very mighty all of a sudden. The wolf spider simulacrum bites you.
* * * LOW HITPOINT WARNING * * *
The wolf spider simulacrum freezes you!!
* * * LOW HITPOINT WARNING * * *
You focus on the pain.
You feel mightier all of a sudden.
Your ufetubus hits garrulousMonolith's ghost.
Your ufetubus barely misses garrulousMonolith's ghost.
Your ynoxinul hits garrulousMonolith's ghost!
GarrulousMonolith's ghost closely misses your ynoxinul.
The spectral wolf spider hits your ufetubus.
The spectral wolf spider bites your ufetubus.
The wolf spider simulacrum hits you.
* * * LOW HITPOINT WARNING * * *
The wolf spider simulacrum freezes you!!
You die...

#'### ##########'####
..# *..#.#..##.## ###
##.!:?.###..# ######
#.......###.# .....#
#########.....## #.#
.....###......#.Z.5...#
#.#
.......#......###WZ'###
#.#
.....#.'.......53ZZ..#*
#.#
.....###.......5@5...#
#.# .....#
#.......(...### #.#
.....# #..........##
#.# ...).# ###'########
#.# .[...# #.## #.##
###### #..#### #..## #
##....# ##..# #####
####.# ##.# ....#
#######'## ####'####


You could see a spectral wolf spider (ally target), a spectral centaur warrior,
a spectral meliai, garrulousMonolith's ghost (ally target), a wolf spider
simulacrum, a friendly ynoxinul (summoned), a friendly +5 spectral broad axe and
4 friendly ufetubi.

Vanquished Creatures
  3 two-headed ogres
  7 unseen horror zombies (D:9)
  Prince Ribbit (D:7)
  A wolf spider simulacrum (D:9)
  A shadow (D:9)
  8 yaks
  Menkaure (D:4)
  A water moccasin (D:7)
  2 ice beasts
  2 black bears
  13 orc warriors
  An ogre (D:6)
  3 sky beasts
  12 centaurs
  A kobold brigand (D:9)
  A phantom (D:6)
  2 bullfrogs (D:7)
  A gnoll sergeant (D:8)
  5 scorpions
  6 wights (D:8)
  12 killer bees
  4 howler monkeys
  2 centaur zombies (D:9)
  A crimson imp (D:6)
  2 jellies (D:5)
  2 hounds
  4 orc priests
  2 gnoll boudas (D:7)
  2 sleepcaps
  5 iguanas
  8 orc wizards
  4 mummies
  A howler monkey zombie (D:9)
  11 gnolls
  11 adders
  A shadow imp (D:8)
  6 white imps
  An ufetubus (D:6)
  2 adder zombies (Ossuary)
  2 dart slugs
  55 orcs
  9 ball pythons
  6 bats
  An endoplasm (D:2)
  3 giant cockroaches
  6 hobgoblins
  3 jackals (D:2)
  3 quokkas
  9 goblins
  5 hobgoblin zombies
  3 kobolds
  4 kobold zombies
  An orc zombie (Ossuary)
  5 quokka zombies (Ossuary)
  7 rats
  3 rat zombies (Ossuary)
278 creatures vanquished.

Vanquished Creatures (others)
  An orc wizard (D:8)
  A butterfly (D:4)
2 creatures vanquished.

Grand Total: 280 creatures vanquished

Notes
Turn   | Place    | Note
-------+----------+-------------------------------------------
     0 | D:1      | javelincjr the Demonspawn Fighter began the quest for the
                  | Orb.
     0 | D:1      | Reached XP level 1. HP: 18/18 MP: 1/1
   181 | D:1      | Gained mutation: You have a small tail. [demonic ancestry]
   181 | D:1      | Reached XP level 2. HP: 23/24 MP: 2/2
   676 | D:2      | Gained mutation: You sometimes gain a little power by
                  | taking damage. [demonic ancestry]
   676 | D:2      | Reached XP level 3. HP: 14/29 MP: 3/3
   989 | D:2      | Found the Hermit's Pendant {Faith Invo=14 Evo=0 MP+5}
   995 | D:2      | Found a faded altar of an unknown god.
  1445 | D:3      | Reached XP level 4. HP: 29/35 MP: 4/4
  1880 | D:3      | Gained mutation: You are surrounded by a mild repulsion
                  | field. (EV +2) [demonic ancestry]
  1880 | D:3      | Reached XP level 5. HP: 42/42 MP: 5/5
  2255 | D:4      | Noticed a sky beast
  2272 | D:4      | Killed a sky beast
  2273 | D:4      | Reached skill level 4 in Fighting
  2456 | D:4      | Gained mutation: You may rarely emit foul miasma when
                  | damaged in melee. [demonic ancestry]
  2456 | D:4      | Reached XP level 6. HP: 48/48 MP: 6/6
  2618 | D:4      | Found Imuerom's Jewellery Boutique.
  2624 | D:4      | Noticed Menkaure
  2634 | D:4      | Killed Menkaure
  3012 | D:5      | Entered Level 5 of the Dungeon
  3021 | D:5      | Reached XP level 7. HP: 54/55 MP: 7/7
  3039 | D:5      | Found a sand-covered staircase.
  3048 | Ossuary  | Entered an ossuary
  3459 | D:5      | Reached skill level 5 in Fighting
  3748 | D:5      | Reached skill level 5 in Armour
  3751 | D:5      | Reached skill level 5 in Shields
  3751 | D:5      | Gained mutation: You sometimes gain power by taking damage.
                  | [demonic ancestry]
  3751 | D:5      | Reached XP level 8. HP: 42/63 MP: 8/8
  4241 | D:6      | Got the Tractate on the Gestalt and Striking
  4383 | D:6      | Reached skill level 6 in Fighting
  4383 | D:6      | Reached skill level 5 in Axes
  4408 | D:6      | Found a burning altar of Makhleb.
  4416 | D:6      | Became a worshipper of Makhleb the Destroyer
  4637 | D:6      | Found a staircase to the Ecumenical Temple.
  4924 | D:7      | Gained mutation: You are surrounded by a moderate repulsion
                  | field. (EV +3) [demonic ancestry]
  4924 | D:7      | Reached XP level 9. HP: 57/71 MP: 19/19
  5268 | D:7      | Reached skill level 7 in Fighting
  5295 | D:7      | Noticed a two-headed ogre
  5330 | D:7      | Noticed a two-headed ogre
  5337 | D:7      | Reached * piety under Makhleb
  5347 | D:7      | Killed a two-headed ogre
  5379 | D:7      | Killed a two-headed ogre
  5380 | D:7      | Reached XP level 10. HP: 33/80 MP: 20/20
  5557 | D:7      | Noticed Prince Ribbit
  5572 | D:7      | Killed Prince Ribbit
  5607 | D:7      | Found a sparkling altar of Nemelex Xobeh.
  5632 | D:7      | Found a hide-covered altar of Uskayaw.
  5961 | D:8      | Reached skill level 8 in Fighting
  5978 | D:8      | Found Zedu's Distillery.
  5983 | D:8      | Bought a potion of curing for 45 gold pieces
  6012 | D:8      | Reached ** piety under Makhleb
  6438 | D:8      | Reached skill level 1 in Invocations
  6443 | D:8      | Reached skill level 1 in Dodging
  6846 | D:9      | Noticed a two-headed ogre
  6852 | D:9      | Killed a two-headed ogre
  6887 | D:9      | Reached *** piety under Makhleb
  6951 | D:9      | Gained mutation: You have a tail ending in a sharp stinger.
                  | [demonic ancestry]
  6951 | D:9      | Reached XP level 11. HP: 70/87 MP: 21/21
  6958 | D:9      | Found a basalt altar of Yredelemnul.
  7014 | D:9      | Reached skill level 9 in Fighting
  7083 | D:9      | Found a flagged portal.
  7098 | Bailey   | Entered a bailey
  7140 | Bailey   | Reached **** piety under Makhleb
  7594 | Bailey   | Reached skill level 5 in Invocations
  7998 | D:9      | Reached ***** piety under Makhleb
  8020 | D:9      | Found a runed translucent gate.
  8027 | D:9      | Found a runed translucent gate.
  8028 | D:9      | Found a runed translucent gate.
  8031 | D:9      | Noticed garrulousMonolith's ghost (novice OpSh)
  8426 | D:9      | HP: 3/89 [wolf spider simulacrum (3)]
  8426 | D:9      | Demolished by a wolf spider simulacrum

Illustrated notes

Levels and vault maps discovered:
D:1:      shiori_arrival_maze, layout_basic, dreamdust_mushroom_princess,
          minmay_tall_x
D:2:      layout_loops_ring, ebering_ecumenical_altar_box
D:3:      layout_basic
D:4:      layout_rooms, nicolae_elyvilon_peaceful_grove, serial_shops,
          nicolae_square_shop, uniq_menkaure
D:5:      layout_cave_pools, nicolae_ossuary_entry_giza
D:6:      layout_rooms, makhleb_grotto_becter, minmay_temple_entry_fiery
D:7:      minmay_clustersquares, layout_basic, lemuel_doored_altar,
          lemuel_tele_altar, uniq_prince_ribbit1
D:8:      layout_loops_ring, serial_shops, shop_statue
D:9:      layout_roguey, nicolae_yredelemnul_corpse_copse,
          gammafunk_ghost_necromancy, enter_bailey_4

Skill      XL: |  1  2  3  4  5  6  7  8  9 10 11 |
---------------+----------------------------------+-----
Axes           | 2 3 4 5 6 7 8 |  8.2
Armour         | 3 4 5 6 7 8 |  8.5
Shields        | 3 4 5 6 7 8 |  8.4
Fighting       | 4 5 6 7 8 9 |  9.3
Invocations    | 3 5 |  5.2
Dodging        | 2 3 |  3.6

Action                     |  1- 3 |  4- 6 |  7- 9 | 10-12 || total
---------------------------+-------+-------+-------+-------++-------
  Melee: War axe           |   107 |       |       |       ||   107
         Tailslap          |    11 |    20 |    32 |    36 ||    99
         Broad axe         |     2 |   112 |   235 |   210 ||   559
   Fire: Sling             |       |     8 |     3 |   161 ||   172
  Throw: Dart              |       |     5 |       |     3 ||     8
 Invoke: Lesser Servant of |       |       |       |     2 ||     2
    Use: Scroll            |       |     3 |    11 |     7 ||    21
   Stab: Distracted        |       |       |     1 |     1 ||     2
 Armour: Scale mail        |    84 |    65 |   192 |   234 ||   575
  Dodge: Dodged            |    38 |    44 |   170 |   248 ||   500
  Block: Buckler           |    32 |    24 |    55 |    97 ||   208

Table legend: (Time is in decaauts)
 A = Elapsed time spent in this place.
 B = Non-inter-level travel time spent in this place.
 C = Inter-level travel time spent in this place.
 D = Time resting spent in this place.
 E = Time spent auto-exploring this place.
 F = Levels seen in this place.
 G = Mean time per level.
                   A        B        C        D        E       F      G
               +--------+--------+--------+--------+--------+-----+--------+
         Total |   8760 |   8583 |    177 |    386 |   5959 |  11 |  796.4 |
       Dungeon |   7565 |   7388 |    177 |    196 |   5542 |   9 |  840.6 |
       Ossuary |    283 |    283 |      0 |    101 |     66 |   1 |  283.0 |
        Bailey |    912 |    912 |      0 |     89 |    351 |   1 |  912.0 |
               +--------+--------+--------+--------+--------+-----+--------+

Top non-repeatable levels by time:
     D:7: 1207 daAuts
  Bailey: 912 daAuts
     D:3: 869 daAuts
     D:8: 856 daAuts
     D:9: 833 daAuts
     D:4: 821 daAuts
     D:6: 814 daAuts
     D:5: 741 daAuts
     D:2: 732 daAuts
     D:1: 689 daAuts
 Ossuary: 283 daAuts
